[Event "Titled Tuesday Blitz May 18 2021"]
[White "Sumets, Andrey"]
[Black "Naroditsky, Daniel"]
[WhiteFideId "14105500"]
[BlackFideId "2026961"]
[WhiteElo "2619"]
[BlackElo "2608"]
[Result "0-1"]
[Round "06"]
[TimeControl "180+1"]
[Date "2021.05.18"]
[WhiteClock "0:00:16"]
[BlackClock "0:00:48"]

1. d4 Nf6 2. c4 g6 3. Nc3 Bg7 4. e4 d6 5. Nf3 O-O 6. Be2 c5 7. O-O Re8 8. Re1 cxd4 9. Nxd4 Nbd7 10. Be3 b6 11. Qd2 Bb7 12. f3 a6 13. a4 Rc8 14. a5 bxa5 15. Nb3 Ne5 16. Nxa5 Ba8 17. Nd5 e6 18. Nb6 Rb8 19. Nxa8 Nxe4 20. fxe4 Rxb2 21. Qc1 Qxa8 22. Bd4 Nd3 23. Qc3 Qxe4 24. Bxg7 Qe3+ 25. Kh1 Nf2+ 0-1


[Site "https://www.chess.com"]

[Event "Titled Tuesday Blitz May 18 2021"]
[White "Tari, Aryan"]
[Black "Remizov, Yaroslav"]
[WhiteFideId "1510045"]
[BlackFideId "34134015"]
[WhiteElo "2656"]
[BlackElo "2367"]
[Result "1-0"]
[Round "06"]
[TimeControl "180+1"]
[Date "2021.05.18"]
[WhiteClock "0:00:46"]
[BlackClock "0:00:27"]

1. d4 Nf6 2. Nf3 d5 3. Bf4 c5 4. e3 Nc6 5. Nbd2 Bf5 6. dxc5 e6 7. Nd4 Bg6 8. Bb5 Rc8 9. Nxc6 bxc6 10. Ba6 Bxc5 11. Bxc8 Qxc8 12. O-O O-O 13. Nb3 Be7 14. Qe2 Rd8 15. h3 c5 16. Rfd1 c4 17. Nd4 Nd7 18. Bh2 Bf6 19. b3 Nb6 20. a4 e5 21. Nf3 cxb3 22. cxb3 Qc2 23. Qb5 e4 24. Nd4 Bh5 25. Nxc2 1-0


[Site "https://www.chess.com"]

[Event "Titled Tuesday Blitz May 18 2021"]
[White "Tayson_7"]
[Black "Corrales Jimenez, Fidel"]
[BlackFideId "3506690"]
[WhiteElo "2634"]
[BlackElo "2555"]
[Result "1/2-1/2"]
[Round "06"]
[TimeControl "180+1"]
[Date "2021.05.18"]
[WhiteClock "0:00:51"]
[BlackClock "0:00:55"]

1. d4 Nf6 2. c4 g6 3. Nc3 d5 4. Nf3 Bg7 5. Bf4 O-O 6. e3 c5 7. dxc5 Qa5 8. Qa4 Qxc5 9. cxd5 Nxd5 10. Nxd5 Qxd5 11. Bc4 Qc5 12. Rc1 Qb6 13. O-O Nc6 14. Bb3 Bg4 15. Nd2 Rad8 16. Nc4 Qb4 17. f3 Be6 18. a3 Qxa4 19. Bxa4 a6 20. Bxc6 bxc6 21. b4 Rd3 22. Na5 Bb2 23. Rxc6 Bxa3 24. Rxa6 Bxb4 25. Nc6 Bc5 26. Ra5 Bxe3+ 27. Bxe3 Rxe3 28. Nxe7+ Kg7 29. Nc6 Rc8 30. Nd4 Bc4 31. Rc1 Rd3 32. Ne2 Rdd8 33. Ng3 h5 34. Nf1 Rd4 35. Ne3 Be6 36. Rxc8 Bxc8 37. Rd5 Ra4 38. Rd2 Be6 39. Kf2 f5 40. Nd1 f4 41. Nc3 Rc4 42. Ne4 Bf5 43. Nd6 Rc5 44. Nxf5+ Rxf5 45. h4 Ra5 46. Rd4 Rf5 47. Ra4 Kh6 48. Ra6 Rb5 49. Ra4 Rf5 50. Ke2 g5 51. Ra6+ Kg7 52. hxg5 Rxg5 53. Kf2 Rb5 54. Ra4 Rf5 55. Ra6 Rf6 56. Ra5 Kg6 57. Kg1 Rf5 58. Ra6+ Kg5 59. Kh2 Rc5 60. Kh3 Rc1 61. Ra5+ Kg6 62. Ra6+ Kg5 63. Ra5+ Kg6 64. Ra6+ Kg5 1/2-1/2


[Site "https://www.chess.com"]

[Event "Titled Tuesday Blitz May 18 2021"]
[White "ViditYT"]
[Black "Quintiliano Pinto, Renato R."]
[BlackFideId "2117568"]
[WhiteElo "2944"]
[BlackElo "2439"]
[Result "1-0"]
[Round "06"]
[TimeControl "180+1"]
[Date "2021.05.18"]
[WhiteClock "0:00:05"]
[BlackClock "0:00:03"]

1. Nf3 Nf6 2. g3 e6 3. Bg2 d5 4. O-O Be7 5. d3 O-O 6. c4 b6 7. cxd5 exd5 8. d4 Bb7 9. Nc3 Nbd7 10. Bf4 Re8 11. Nb5 Rc8 12. Nxa7 Ra8 13. Nb5 Rc8 14. Rc1 c5 15. Re1 h6 16. h4 Nh5 17. Bd6 Ba6 18. Bxe7 Qxe7 19. Qa4 Bxb5 20. Qxb5 Ra8 21. a3 Nhf6 22. e3 Ne4 23. Bh3 Ndf6 24. Ne5 c4 25. Re2 Qc7 26. Bg2 Rxe5 27. dxe5 Qxe5 28. Qxb6 Rb8 29. Qd4 Qh5 30. Rec2 Nd6 31. Qf4 Rd8 32. Rd2 Nde4 33. Rd4 Nc5 34. Bf3 Qg6 35. Qc7 Ne6 36. Qb6 Qf5 37. Bg2 Qe5 38. Rcd1 Rb8 39. Qa7 Rxb2 40. R4d2 Rxd2 41. Rxd2 Qa1+ 42. Bf1 Qc1 43. Re2 c3 44. Qb8+ Kh7 45. Qc8 Ne4 46. Kg2 Qb1 47. f3 Nd2 48. Rf2 c2 49. Bd3+ g6 50. Qxc2 1-0


[Site "https://www.chess.com"]

[Event "Titled Tuesday Blitz May 18 2021"]
[White "Zhigalko, Sergei"]
[Black "Nesterov, Arseniy"]
[WhiteFideId "13502956"]
[BlackFideId "24198455"]
[WhiteElo "2662"]
[BlackElo "2441"]
[Result "1-0"]
[Round "06"]
[TimeControl "180+1"]
[Date "2021.05.18"]
[WhiteClock "0:00:07"]
[BlackClock "0:00:06"]

1. e4 e5 2. Nf3 Nc6 3. Bc4 Bc5 4. O-O Nf6 5. d3 d6 6. c3 O-O 7. Nbd2 a5 8. h3 Be6 9. Bb5 Bd7 10. Re1 a4 11. Nf1 Ne7 12. Bxd7 Nxd7 13. d4 Ba7 14. Ng3 b5 15. Be3 h6 16. Qd2 Kh7 17. Rad1 Nc6 18. Qd3 Rb8 19. d5 Bxe3 20. dxc6 Bxf2+ 21. Kxf2 Nc5 22. Qd5 b4 23. c4 b3 24. a3 Rb6 25. Kg1 Qe8 26. Rf1 Rxc6 27. Nf5 Ne6 28. Rc1 Nf4 29. Qd2 Qe6 30. Ne3 Qg6 31. g3 Nxh3+ 32. Kh2 Ng5 33. Nxg5+ Qxg5 34. Qd3 g6 35. Rf2 Kg7 36. Rcf1 Rc5 37. Kg2 h5 38. Nd5 h4 39. Nf6 Qxg3+ 40. Qxg3 hxg3 41. Kxg3 Rxc4 42. Nd7 Rd8 43. Rxf7+ Kh6 44. Nf6 Rc2 45. Kg4 Rg2+ 46. Kf3 Rg5 47. Rh1+ Rh5 48. Nxh5 gxh5 49. Rf5 Kg6 50. Rhxh5 d5 51. Rhg5+ Kh6 52. Rh5+ Kg6 53. exd5 Rxd5 54. Rhg5+ Kh6 55. Ke3 Rc5 56. Rh5+ Kg6 57. Rhg5+ Kh6 58. Rg2 c6 59. Rf1 e4 60. Rh1+ Rh5 61. Rxh5+ Kxh5 62. Kxe4 1-0


[Site "https://www.chess.com"]

[Event "Titled Tuesday Blitz May 18 2021"]
[White "Abdrlauf, Elham"]
[Black "Cruz Mendez, Jean Marco"]
[WhiteFideId "1533533"]
[BlackFideId "3526402"]
[WhiteElo "2326"]
[BlackElo "2064"]
[Result "1-0"]
[Round "07"]
[TimeControl "180+1"]
[Date "2021.05.18"]
[WhiteClock "0:00:49"]
[BlackClock "0:01:06"]

1. e4 e5 2. Nc3 Nc6 3. Bc4 Nf6 4. d3 Bc5 5. f4 d6 6. Nf3 Bg4 7. Na4 Bb6 8. Nxb6 axb6 9. c3 d5 10. exd5 Nxd5 11. h3 Bxf3 12. Qxf3 Nf6 13. O-O O-O 14. a3 Qd6 15. Be3 Rfe8 16. Rae1 e4 17. dxe4 Rxe4 18. Ba2 Rae8 19. Bf2 Rxf4 20. Rxe8+ Nxe8 21. Re1 Nf6 22. Bg3 Qc5+ 23. Qe3 Re4 24. Qxc5 Rxe1+ 1-0


[Site "https://www.chess.com"]

[Event "Titled Tuesday Blitz May 18 2021"]
[White "Abdusattorov, Nodirbek"]
[Black "Andreikin, Dmitry"]
[WhiteFideId "14204118"]
[BlackFideId "4158814"]
[WhiteElo "2662"]
[BlackElo "2782"]
[Result "1/2-1/2"]
[Round "07"]
[TimeControl "180+1"]
[Date "2021.05.18"]
[WhiteClock "0:00:13"]
[BlackClock "0:00:04"]

1. d4 d5 2. c4 c6 3. Nf3 Nf6 4. g3 b5 5. cxd5 cxd5 6. Bg2 e6 7. O-O Be7 8. Ne5 O-O 9. Nd2 Bb7 10. Nb3 Nbd7 11. Nd3 a5 12. Bd2 b4 13. Rc1 Ba6 14. Nbc5 Bb5 15. a4 bxa3 16. bxa3 Bxd3 17. Nxd3 Bxa3 18. Ra1 Be7 19. Qb3 Ne4 20. Bxe4 dxe4 21. Nf4 Nf6 22. Qa4 g5 23. Ng2 Nd5 24. Bxa5 Qc8 25. Rfc1 Qa6 26. Qd1 Rfc8 27. Bd2 Rxc1 28. Rxc1 Rc8 29. Rxc8+ Qxc8 30. Ne3 h6 31. Qb1 Nxe3 32. Bxe3 Qc6 33. g4 Bf6 34. h3 Qd5 35. Qb4 Kg7 36. Qc5 Kg8 37. Kf1 Kg7 38. Qb4 Qc6 39. Qb3 Qd5 40. Qb4 Qc6 41. Kg2 Qd5 42. Qc5 Kg8 43. Qxd5 exd5 44. f3 exf3+ 45. Kxf3 Kf8 46. Bf2 Ke7 47. e4 Ke6 48. Ke3 Be7 49. Kd3 Bd6 50. Be3 Bc7 51. Bf2 f6 52. h4 Bf4 53. h5 Bd6 54. Be1 Be7 55. Ba5 Bf8 56. Bd8 Bg7 57. exd5+ Kxd5 58. Be7 f5 59. gxf5 Bxd4 60. Bf8 Bf6 61. Bxh6 Ke5 62. Bf8 Kxf5 63. h6 Kg6 64. Ke4 g4 65. Kf4 Bg5+ 66. Kxg4 Bxh6 1/2-1/2


[Site "https://www.chess.com"]

[Event "Titled Tuesday Blitz May 18 2021"]
[White "Artemiev, Vladislav"]
[Black "Alekseenko, Kirill"]
[WhiteFideId "24101605"]
[BlackFideId "4135539"]
[WhiteElo "2783"]
[BlackElo "2580"]
[Result "1-0"]
[Round "07"]
[TimeControl "180+1"]
[Date "2021.05.18"]
[WhiteClock "0:00:41"]
[BlackClock "0:00:18"]

1. Nf3 d5 2. e3 Nf6 3. c4 e6 4. Nc3 Bd6 5. b3 b6 6. cxd5 exd5 7. Bb2 O-O 8. Nb5 Be7 9. Be5 Na6 10. Be2 c6 11. Nbd4 Qd7 12. Rc1 c5 13. Bb5 Qg4 14. Nc6 Re8 15. Bg3 Bf8 16. Nce5 Qf5 17. Bxe8 Nxe8 18. d4 f6 19. Nd3 c4 20. bxc4 dxc4 21. Rxc4 Be6 22. Rc2 Nb4 23. Nxb4 Bxb4+ 24. Nd2 Qd3 25. Rb2 Bc3 26. Qc2 Bxd2+ 27. Qxd2 Qa6 28. f3 Rc8 29. Kf2 Nc7 30. Rc1 Nd5 31. Rxc8+ Qxc8 32. Rc2 Qa6 33. e4 1-0


[Site "https://www.chess.com"]

[Event "Titled Tuesday Blitz May 18 2021"]
[White "Blohberger, Felix"]
[Black "Grandelius, Nils"]
[WhiteFideId "1632051"]
[BlackFideId "1710400"]
[WhiteElo "2434"]
[BlackElo "2651"]
[Result "0-1"]
[Round "07"]
[TimeControl "180+1"]
[Date "2021.05.18"]
[WhiteClock "0:00:01"]
[BlackClock "0:00:30"]

1. Nf3 d5 2. d4 e6 3. c4 a6 4. Nbd2 Nf6 5. g3 c5 6. cxd5 exd5 7. Bg2 Nc6 8. O-O h6 9. a3 Bf5 10. dxc5 Bxc5 11. b4 Ba7 12. Bb2 O-O 13. Nb3 Ne4 14. Rc1 Rc8 15. Nc5 Nxc5 16. bxc5 Be4 17. Qb3 Qe7 18. Rfd1 Rfe8 19. e3 Kh8 20. Qc3 f6 21. Nh4 Qf7 22. Bxe4 dxe4 23. Nf5 Ne5 24. Nd6 Qh5 25. Nxe8 Rxe8 26. Kf1 Qxh2 27. Ke2 Qh5+ 28. Kd2 Nd3 29. Rb1 Nxf2 30. Rf1 Rd8+ 31. Kc2 Qe2+ 32. Kb3 Rd3 0-1


[Site "https://www.chess.com"]

[Event "Titled Tuesday Blitz May 18 2021"]
[White "Chigaev, Maksim"]
[Black "Annaberdiyev, Babageldi"]
[WhiteFideId "4108116"]
[BlackFideId "14000385"]
[WhiteElo "2646"]
[BlackElo "2332"]
[Result "1-0"]
[Round "07"]
[TimeControl "180+1"]
[Date "2021.05.18"]
[WhiteClock "0:00:05"]
[BlackClock "0:00:05"]

1. Nf3 Nf6 2. g3 g6 3. b3 Bg7 4. Bb2 O-O 5. c4 d6 6. Bg2 e5 7. O-O Nc6 8. d3 Re8 9. Nc3 h6 10. Nd2 a5 11. a3 Nd4 12. e3 Ne6 13. b4 c6 14. b5 Bd7 15. a4 Nc5 16. Ba3 Rc8 17. Qc2 Bf5 18. Bxc5 dxc5 19. Nde4 Nxe4 20. Bxe4 Bh3 21. Rfd1 f5 22. Bg2 Bxg2 23. Kxg2 Rf8 24. Rab1 Qe7 25. Ne2 h5 26. Ng1 f4 27. Qe2 fxg3 28. fxg3 Rf7 29. Nh3 Rcf8 30. bxc6 bxc6 31. Rf1 e4 32. Rxf7 Rxf7 33. Nf4 Kh7 34. Rf1 Kh6 35. h4 Rf5 36. Qc2 Re5 37. dxe4 Kh7 38. Rf2 Qe8 39. Kf3 Re7 40. Rd2 Be5 41. Qd3 Qf7 42. Kg2 Kg7 43. Rf2 Qe8 44. Qd2 Bb8 45. Qb2+ Be5 46. Qb6 Bd6 47. Qxa5 Rxe4 48. Qc3+ Kh7 49. Rf3 Bxf4 50. gxf4 Re7 51. a5 Qa8 52. f5 Rg7 53. f6 Rf7 54. e4 Qd8 55. e5 Qd1 56. Qe3 Qd4 57. Qxd4 cxd4 58. e6 1-0


[Site "https://www.chess.com"]

[Event "Titled Tuesday Blitz May 18 2021"]
[White "Cunjalo, Faris"]
[Black "ViditYT"]
[WhiteFideId "14410710"]
[WhiteElo "2234"]
[BlackElo "2947"]
[Result "1-0"]
[Round "07"]
[TimeControl "180+1"]
[Date "2021.05.18"]
[WhiteClock "0:00:02"]
[BlackClock "0:00:01"]

1. c4 c5 2. g3 Nc6 3. Bg2 g6 4. Nc3 Bg7 5. Nf3 d6 6. d3 Bg4 7. h3 Bxf3 8. Bxf3 e6 9. O-O Nge7 10. Rb1 O-O 11. Bd2 Qd7 12. Bg2 d5 13. a3 Rfd8 14. b3 b6 15. Re1 Rac8 16. Qc2 h6 17. Qa2 Kh7 18. Red1 d4 19. Na4 Nb8 20. Qc2 Qd6 21. b4 Nd7 22. bxc5 bxc5 23. Rb7 Rc7 24. Rdb1 Nc6 25. R1b5 Rdc8 26. Rxc7 Rxc7 27. Qb3 h5 28. h4 Bh6 29. Be1 g5 30. hxg5 Bxg5 31. Rb7 h4 32. Rxc7 Qxc7 33. Qb5 Ne7 34. gxh4 Bxh4 35. Qb7 Qxb7 36. Bxb7 Kg7 37. Ba5 Kf8 38. Bc7 Ke8 39. Bd6 Nf5 40. Bxc5 Nxc5 41. Nxc5 Be7 42. Nb3 Bxa3 43. Be4 Nd6 44. Bc6+ Kd8 45. Nxd4 a5 46. Ba4 Kc7 47. Kf1 Bb4 48. e3 Nb7 49. Nb3 Nc5 50. Nxc5 Bxc5 51. d4 Bb4 52. Ke2 Bc3 53. Kd3 Be1 54. f4 Bf2 55. Be8 f6 56. Ba4 Bg1 57. Ke4 Bf2 58. c5 Bg1 59. Kf3 Kb7 60. f5 exf5 61. d5 Kc7 62. d6+ Kb7 63. Kf4 1-0


[Site "https://www.chess.com"]

[Event "Titled Tuesday Blitz May 18 2021"]
[White "Deac, Bogdan-Daniel"]
[Black "Postny, Evgeny"]
[WhiteFideId "1226380"]
[BlackFideId "2804344"]
[WhiteElo "2605"]
[BlackElo "2537"]
[Result "1-0"]
[Round "07"]
[TimeControl "180+1"]
[Date "2021.05.18"]
[WhiteClock "0:00:04"]
[BlackClock "0:00:03"]

1. e4 c6 2. d4 d5 3. f3 e6 4. Nc3 Bb4 5. Bd2 b6 6. h4 Ba6 7. Bxa6 Nxa6 8. h5 h6 9. Qe2 Nc7 10. O-O-O Nf6 11. e5 Nd7 12. f4 Qc8 13. Qg4 Rg8 14. Nge2 Qa6 15. f5 O-O-O 16. Rhf1 Kb8 17. fxe6 fxe6 18. Rf7 c5 19. Be3 Bxc3 20. Nxc3 Qc4 21. Rxg7 Nxe5 22. Qg3 Rxg7 23. Qxg7 cxd4 24. Rxd4 Qf1+ 25. Rd1 Qf5 26. Bxh6 Nc4 27. b3 Na3 28. Rd3 Rc8 29. Qg5 Qh7 30. Qg6 Qd7 31. Bf4 Kb7 32. h6 Ncb5 33. Be5 d4 34. Qe4+ Ka6 35. Bxd4 Nxd4 36. Rxd4 Qf7 37. Ra4# 1-0


[Site "https://www.chess.com"]

[Event "Titled Tuesday Blitz May 18 2021"]
[White "Dubov, Daniil"]
[Black "Shipov, Sergei"]
[WhiteFideId "24126055"]
[BlackFideId "4113624"]
[WhiteElo "2722"]
[BlackElo "2770"]
[Result "1-0"]
[Round "07"]
[TimeControl "180+1"]
[Date "2021.05.18"]
[WhiteClock "0:00:35"]
[BlackClock "0:00:14"]

1. e4 e6 2. Qe2 c5 3. Nf3 Nc6 4. g3 g6 5. Bg2 Bg7 6. O-O Nge7 7. c3 O-O 8. Na3 d6 9. Nc2 e5 10. d3 h6 11. b4 cxb4 12. cxb4 a6 13. Bb2 Bd7 14. Rfd1 Rc8 15. d4 exd4 16. Nfxd4 Ne5 17. Ne3 N7c6 18. f4 Nxd4 19. Bxd4 Bb5 20. Qb2 Nc4 21. Bxg7 Nxb2 22. Bxb2 Ba4 23. Rd3 Qb6 24. Bd4 Qxb4 25. Nd5 Qc4 26. Rd2 Bc6 27. Nf6+ Kh8 28. h4 Rcd8 29. Kh2 Qb4 30. Nd5+ Qxd4 31. Rxd4 1-0


[Site "https://www.chess.com"]

[Event "Titled Tuesday Blitz May 18 2021"]
[White "Hansen, Eric"]
[Black "Seo, Jung Min"]
[WhiteFideId "2606771"]
[BlackFideId "1734687"]
[WhiteElo "2568"]
[BlackElo "2486"]
[Result "1-0"]
[Round "07"]
[TimeControl "180+1"]
[Date "2021.05.18"]
[WhiteClock "0:00:35"]
[BlackClock "0:01:25"]

1. e4 e5 2. Nf3 Nf6 3. Nxe5 d6 4. Nf3 Nxe4 5. Nc3 Nf6 6. d4 d5 7. Bd3 Bg4 8. h3 Bh5 9. Bg5 Be7 10. Bxf6 Bxf6 11. Qe2+ Kf8 12. g4 Bg6 13. O-O-O c6 14. h4 Bxd3 15. Qxd3 Nd7 16. Rde1 h6 17. Kb1 g6 18. Ne2 Kg8 19. Nf4 Nf8 20. h5 g5 21. Ne2 Ne6 22. Ng3 Qd6 23. Nf5 Qf4 24. Rhg1 Ng7 25. Ne7+ Kf8 26. Qa3 Bxe7 27. Qxe7+ Kg8 28. Ne5 Rf8 29. Nd7 1-0


[Site "https://www.chess.com"]

[Event "Titled Tuesday Blitz May 18 2021"]
[White "Indjic, Aleksandar"]
[Black "Mirzoev, Azer"]
[WhiteFideId "911925"]
[BlackFideId "13400304"]
[WhiteElo "2643"]
[BlackElo "2525"]
[Result "1-0"]
[Round "07"]
[TimeControl "180+1"]
[Date "2021.05.18"]
[WhiteClock "0:01:22"]
[BlackClock "0:00:30"]

1. d4 d5 2. c4 c6 3. Nf3 Nf6 4. Nc3 dxc4 5. a4 Bf5 6. Ne5 e6 7. f3 c5 8. e4 Bg6 9. Be3 cxd4 10. Qxd4 Qxd4 11. Bxd4 Nfd7 12. Nxd7 Nxd7 13. Bxc4 a6 14. Kf2 Rc8 15. Be2 Bc5 16. Rhd1 Ke7 17. a5 Rhd8 18. Na4 Bxd4+ 19. Rxd4 f6 20. Ke3 Be8 21. Rb4 Rc7 22. Rd1 Ne5 23. Rxd8 Kxd8 24. Rd4+ Ke7 25. Nb6 Rc2 26. Rd2 Rxd2 27. Kxd2 Nc6 28. Nc4 e5 29. Kc3 Nd4 30. Bd1 Bb5 31. Ne3 Kd6 32. Nf5+ Nxf5 33. exf5 Bc6 34. b4 h6 35. Bc2 Bd5 36. Bd3 Bc6 37. Be4 Bd5 38. h4 h5 39. Bc2 Bc6 40. Bb3 Bd7 41. g4 Bc6 42. Bd1 Bd5 43. gxh5 Bc6 44. Kd3 Be8 45. f4 exf4 46. Ke4 f3 47. Bxf3 Bc6+ 48. Kf4 Bxf3 49. Kxf3 Ke5 50. Kg4 Ke4 51. h6 gxh6 52. Kh5 Kxf5 53. Kxh6 Ke5 54. Kg6 f5 55. h5 f4 56. h6 f3 57. h7 f2 58. h8=Q+ 1-0


[Site "https://www.chess.com"]

[Event "Titled Tuesday Blitz May 18 2021"]
[White "Kovalev, Vladislav"]
[Black "Madaminov, Mukhiddin"]
[WhiteFideId "13504398"]
[BlackFideId "14210703"]
[WhiteElo "2573"]
[BlackElo "1747"]
[Result "1-0"]
[Round "07"]
[TimeControl "180+1"]
[Date "2021.05.18"]
[WhiteClock "0:00:13"]
[BlackClock "0:00:01"]

1. e4 e6 2. d4 d5 3. Nd2 c5 4. Ngf3 cxd4 5. Nxd4 e5 6. N4f3 dxe4 7. Nxe5 Qd5 8. Nec4 Be6 9. Ne3 Qe5 10. Ndc4 Qc7 11. c3 Nf6 12. a4 Nc6 13. Be2 Rd8 14. Qc2 Be7 15. O-O O-O 16. Bd2 Ne5 17. Nxe5 Qxe5 18. Rfd1 h5 19. Be1 h4 20. Rxd8 Rxd8 21. Rd1 Rxd1 22. Qxd1 Bd6 23. g3 hxg3 24. hxg3 Bc5 25. Qd8+ Kh7 26. Bd2 Bb3 27. a5 Nd5 28. Qh4+ Kg8 29. Qd8+ Kh7 30. Qh4+ Kg8 31. Qh5 Qxh5 32. Bxh5 b6 33. axb6 Nxb6 34. Kf1 Kf8 35. Be2 Ke7 36. Bb5 g6 37. Ke1 Kd6 38. Be8 Ke7 39. Bb5 f5 40. Ng2 Bc4 41. Bc6 Kd6 42. Be8 g5 43. Bxg5 a5 44. Bf4+ Ke6 45. Bc6 a4 46. Be3 1-0


[Site "https://www.chess.com"]

[Event "Titled Tuesday Blitz May 18 2021"]
[White "Lazavik, Denis"]
[Black "Kosteniuk, Alexandra"]
[WhiteFideId "13515110"]
[BlackFideId "4128125"]
[WhiteElo "2436"]
[BlackElo "2521"]
[Result "1-0"]
[Round "07"]
[TimeControl "180+1"]
[Date "2021.05.18"]
[WhiteClock "0:00:14"]
[BlackClock "0:00:01"]

1. d4 Nf6 2. c4 e6 3. Nf3 c5 4. d5 b5 5. dxe6 fxe6 6. cxb5 a6 7. bxa6 d5 8. g3 Bd6 9. Bg2 O-O 10. O-O Nxa6 11. b3 e5 12. Bg5 Be6 13. Nc3 Nc7 14. e4 d4 15. Ne2 c4 16. Nexd4 exd4 17. e5 Bc5 18. exf6 gxf6 19. Bh6 Re8 20. bxc4 Ra3 21. Re1 d3 22. Nd2 Bd4 23. Rb1 Rxa2 24. Bc6 Bd7 25. Rxe8+ Nxe8 26. Bxd7 Qxd7 27. Qf3 Qe6 28. Qxd3 Qe5 29. Bf4 Qc5 30. Rf1 Ng7 31. Ne4 Qa7 32. c5 Ne6 33. Qc4 Qa6 34. Qd5 Kg7 35. Qd7+ Kg6 36. Qe8+ Kg7 37. Qe7+ Kg6 38. Be3 Be5 39. Qe8+ Kg7 40. Qh5 Qc6 41. Bh6+ Kg8 42. Qg4+ Kf7 43. Qh5+ Ke7 44. Qf5 Re2 45. Qxh7+ Kd8 46. Rd1+ Kc8 47. Nd6+ Bxd6 48. cxd6 Qc2 49. d7+ Kb7 50. Qxc2 Rxc2 51. d8=Q 1-0


[Site "https://www.chess.com"]

[Event "Titled Tuesday Blitz May 18 2021"]
[White "Le, Tuan Minh"]
[Black "Shimanov, Aleksandr"]
[WhiteFideId "12401153"]
[BlackFideId "4198603"]
[WhiteElo "2450"]
[BlackElo "2596"]
[Result "1-0"]
[Round "07"]
[TimeControl "180+1"]
[Date "2021.05.18"]
[WhiteClock "0:00:08"]
[BlackClock "0:00:02"]

1. d4 Nf6 2. Nf3 d6 3. c3 g6 4. Bg5 Bg7 5. Nbd2 O-O 6. e4 c5 7. dxc5 dxc5 8. Bc4 h6 9. Bh4 Nc6 10. O-O Nh5 11. Qe2 Qc7 12. Rfe1 b6 13. Rad1 Bb7 14. e5 Rad8 15. e6 f5 16. Nf1 Kh7 17. Bg3 Nxg3 18. Nxg3 Rxd1 19. Rxd1 Rd8 20. Rxd8 Qxd8 21. h4 f4 22. Ne4 Na5 23. Bd3 Qd5 24. c4 Qh5 25. Nd6 Bxf3 26. gxf3 Nc6 27. Qe4 Nd4 28. Kg2 Bf6 29. Qxf4 Qxh4 30. Qxh4 Bxh4 31. Nc8 Nxe6 32. Be4 Bf6 33. Nxa7 Nf4+ 34. Kf1 Bxb2 35. Nc8 h5 36. Nxb6 Kg7 37. a4 Bc3 38. Nd7 Bb4 39. Ne5 h4 40. Nc6 h3 41. Kg1 Be1 42. a5 Bxf2+ 43. Kh2 Ne6 44. a6 Nc7 45. a7 Kf6 46. Kxh3 Ke6 47. Nb8 g5 48. Na6 Nxa6 49. a8=Q Nc7 50. Qc6+ 1-0


[Site "https://www.chess.com"]

[Event "Titled Tuesday Blitz May 18 2021"]
[White "Maghsoodloo, Parham"]
[Black "Paichadze, Luka"]
[WhiteFideId "12539929"]
[BlackFideId "13602934"]
[WhiteElo "2601"]
[BlackElo "2537"]
[Result "1-0"]
[Round "07"]
[TimeControl "180+1"]
[Date "2021.05.18"]
[WhiteClock "0:01:24"]
[BlackClock "0:00:02"]

1. e4 c6 2. Nc3 d5 3. Nf3 g6 4. h3 Bg7 5. d4 Nh6 6. Bd3 O-O 7. O-O f6 8. Re1 Nf7 9. Bf4 e5 10. dxe5 fxe5 11. Bg3 d4 12. Nb1 Be6 13. c3 c5 14. Na3 Nc6 15. Bc4 Qd7 16. Qb3 Rfe8 17. Bxe6 Rxe6 18. Nc4 h6 19. a4 Kh7 20. a5 Nd6 21. Nfd2 Rf8 22. f3 Nf7 23. Qb5 Rc8 24. Qxc5 dxc3 25. bxc3 Nd4 26. Qd5 Qe7 27. cxd4 exd4 28. e5 Rd8 29. Qe4 Rc6 30. f4 Qe6 31. Qd3 Rd5 32. Rab1 Nd8 33. Nd6 b6 34. axb6 axb6 35. N2e4 Ra5 36. Bf2 Ra2 37. Bxd4 Rcc2 38. Bf2 Nc6 39. Ra1 Rab2 40. Reb1 Nb4 41. Qf3 Nd5 42. Rxb2 Rxb2 43. Ra7 Kh8 44. Nf7+ Kg8 45. Neg5 hxg5 46. Nxg5 Qc6 47. Qe4 Qc1+ 48. Be1 Qe3+ 49. Qxe3 Nxe3 50. Bf2 Rb1+ 51. Be1 Rxe1+ 52. Kf2 Nc2 53. Rc7 Bxe5 54. Rxc2 Bxf4 55. Kxe1 Bxg5 56. Rc6 Kf7 57. Rxb6 Bf4 58. Ke2 Kg7 59. Kf3 Be5 60. h4 Kh6 61. g4 Kg7 62. g5 Bc3 63. Kg4 Bd4 64. Rb7+ Kg8 65. h5 gxh5+ 66. Kxh5 Bc3 67. Kh6 Bd4 68. Rb8+ Kf7 69. g6+ 1-0


[Site "https://www.chess.com"]

[Event "Titled Tuesday Blitz May 18 2021"]
[White "Martirosyan, Haik M."]
[Black "Goltsev, Dmitry"]
[WhiteFideId "13306553"]
[BlackFideId "24176710"]
[WhiteElo "2656"]
[BlackElo "2366"]
[Result "1-0"]
[Round "07"]
[TimeControl "180+1"]
[Date "2021.05.18"]
[WhiteClock "0:01:56"]
[BlackClock "0:00:47"]

1. c4 e5 2. g3 Nf6 3. Bg2 Be7 4. Nc3 O-O 5. Nf3 d6 6. d3 Nbd7 7. O-O c6 8. Rb1 Qc7 9. Nd2 a5 10. a3 Re8 11. b4 axb4 12. axb4 Nf8 13. b5 Ne6 14. Nb3 Nd7 15. Be3 Rb8 16. Qd2 f5 17. Rfc1 g5 18. Ra1 c5 19. Nd5 Qd8 20. f4 h6 21. fxg5 Bxg5 22. Rf1 Ndf8 23. Rxf5 Nd4 24. Bxg5 Nxb3 25. Qe3 Bxf5 26. Bxd8 Rbxd8 27. Rf1 1-0


[Site "https://www.chess.com"]

[Event "Titled Tuesday Blitz May 18 2021"]
[White "Morefield, Jason"]
[Black "Onyshchuk, Volodymyr"]
[WhiteFideId "30920825"]
[BlackFideId "14114038"]
[WhiteElo "2171"]
[BlackElo "2605"]
[Result "1-0"]
[Round "07"]
[TimeControl "180+1"]
[Date "2021.05.18"]
[WhiteClock "0:00:06"]
[BlackClock "0:00:11"]

1. d4 d6 2. Nf3 Nf6 3. c4 g6 4. Nc3 Bg7 5. e4 O-O 6. Be2 Nbd7 7. O-O e5 8. Be3 c6 9. Qc2 Qe7 10. Rad1 b6 11. h3 Bb7 12. Bd3 a6 13. Rfe1 exd4 14. Nxd4 Ne5 15. Bf1 c5 16. Nb3 Rfe8 17. Bf4 Rad8 18. Bg3 Qc7 19. Nd2 Nc6 20. Nf3 Ne5 21. Nxe5 dxe5 22. Nd5 Bxd5 23. cxd5 b5 24. a4 c4 25. axb5 axb5 26. b3 Rc8 27. Ra1 Nh5 28. Bh2 Qc5 29. Ra6 c3 30. Ra5 Rb8 31. Rc1 Rec8 32. Qd3 Nf4 33. Bxf4 exf4 34. Rxb5 Rxb5 35. Qxb5 Qa3 36. Rc2 Bd4 37. Qa4 Qc5 38. Qb5 Qa7 39. d6 Rd8 40. Qd5 Rc8 41. d7 Rd8 42. Bb5 Qb6 43. e5 Bxf2+ 44. Rxf2 c2 45. Qc4 c1=Q+ 46. Qxc1 Qxb5 47. Qxf4 Rxd7 48. e6 Re7 49. exf7+ Kf8 50. Qh6# 1-0


[Site "https://www.chess.com"]

[Event "Titled Tuesday Blitz May 18 2021"]
[White "Moskalenko, Alexander"]
[Black "Sadhwani, Raunak"]
[WhiteFideId "4155351"]
[BlackFideId "35093487"]
[WhiteElo "2495"]
[BlackElo "2514"]
[Result "1-0"]
[Round "07"]
[TimeControl "180+1"]
[Date "2021.05.18"]
[WhiteClock "0:01:04"]
[BlackClock "0:00:15"]

1. d4 c5 2. d5 e5 3. Nc3 d6 4. e4 Be7 5. Bb5+ Bd7 6. Bxd7+ Nxd7 7. Nf3 a6 8. a4 Ngf6 9. O-O O-O 10. a5 Ne8 11. Nd2 Bg5 12. Nc4 Bxc1 13. Qxc1 Qe7 14. Qd2 g6 15. Rae1 Ng7 16. f4 f6 17. f5 g5 18. h4 g4 19. Qh6 Kh8 20. Re3 Rg8 21. Rg3 Ne8 22. Ne3 Qg7 23. Qxg7+ Rxg7 24. Rxg4 b5 25. axb6 Nxb6 26. Rxg7 Kxg7 27. g4 a5 28. Ra1 a4 29. Ra3 h6 30. b3 axb3 31. Rxb3 Ra6 32. Kf2 Nc7 33. Nb5 Nxb5 34. Rxb5 Kf7 35. Rb1 Ke7 36. c3 Nd7 37. Rb7 Ra2+ 38. Kf1 Ra1+ 39. Ke2 Ra2+ 40. Kd3 Ra6 41. Nc4 Kd8 42. Kc2 Ra2+ 43. Rb2 Ra6 44. Rb1 Ke7 45. Kb2 Ra4 46. Kb3 Ra8 47. Rb2 Rb8+ 48. Kc2 Ra8 49. Rb3 Ra2+ 50. Rb2 Ra8 51. Rb7 Ra6 52. Rc7 Ra2+ 53. Kb3 Ra1 54. Kb2 Ra8 55. Rxd7+ Kxd7 56. Nb6+ 1-0


[Site "https://www.chess.com"]